Graznop, lawful female dwarven Valkyrie --------- |.......| |..|...@...|..| --------------- |..|...@...|..| |$............| |..|....D..|..| --------- --.$---------..| |..|....E..|..| --....@..-- --...|.......|..| |..----.----..|--.........---.".$|.......|..| |......H@.....||.......$."%``.[))...._...|..| ---....@....-----).....$.)---.%).|.......|..| -----|----- --...%.$.-- --.))|.......|..| --.......-- ----.---- --%.---------..| ---.........--------...| |../..........| .|...........|...%%%.%.| --------------- --.........--...------- --.......--....| - .----A----...--- |............!..| ----------------- Graznop the Swashbuckler Experience level: 21 Strength: 21 Dexterity: 16 Constitution: 20 Intelligence: 9 Wisdom: 16 Charisma: 8 Health: 228(314) Energy: 59(59) Def: 45 Gold: 0 Moves: 32492 Dungeon seed: 853UH2jJdCu8cm0P Game ID: Graznop_1623429311 Your Inventory: Amulets D - an uncursed amulet of life saving (being worn) K - an uncursed amulet of magical breathing Weapons E - the blessed rustproof +6 Excalibur (weapon in hand) G - a blessed +5 silver saber (wielded in other hand) Armor c - a blessed +4 pair of jumping boots (being worn) e - a blessed fireproof +2 cloak of protection (being worn) i - a blessed +5 Hawaiian shirt (being worn) n - a blessed fireproof +2 elven leather helm of carrying (being worn) V - a blessed +4 blue dragon scale mail (being worn) X - a blessed +5 pair of leather gloves of fire immunity named fire imm (being worn) Comestibles p - an uncursed male lizard corpse J - 3 uncursed K-rations Potions v - a blessed potion of full healing Rings z - a blessed ring of slow digestion L - an uncursed ring of levitation T - an uncursed ring of free action W - an uncursed ring of conflict (on left hand) Y - an uncursed ring of protection from shape changers Wands q - an uncursed wand of death (1:0) r - an uncursed wand of magic missile (0:4) B - an uncursed wand of digging (0:0) C - an uncursed wand of death (1:5) I - an uncursed wand of digging (0:2) N - an uncursed wand of wishing (1:0) P - an uncursed wand of polymorph (0:4) U - an uncursed wand of cancellation (0:7) Tools a - an uncursed fire horn (0:0) b - a blessed blindfold d - the blessed Magic Mirror of Merlin f - a blessed +0 unicorn horn k - an uncursed skeleton key o - an uncursed sack named !!! CANCEL !!! s - a blessed oilskin bag of holding u - a blessed +0 unicorn horn w - a blessed magic whistle A - a blessed bugle F - the blessed Orb of Fate (0:5) H - the uncursed Bell of Opening (0:3) M - the uncursed Candelabrum of Invocation (no candles attached) (0:0) O - a blessed magic lamp named 28886 R - an uncursed magic marker (1:26) Gems x - an uncursed luckstone Contents of the sack named !!! CANCEL !!!: a blessed scroll of scare monster an uncursed wand of cancellation (0:0) Contents of the oilskin bag of holding: the uncursed rustproof +3 Mjollnir an uncursed +0 helm of opposite alignment and shock immunity a blessed corroded +3 helmet of power an uncursed +0 pair of water walking boots 14 uncursed K-rations an uncursed female lizard corpse 2 uncursed lembas wafers an uncursed male lizard corpse 3 uncursed scrolls of blank paper 3 cursed scrolls of blank paper an uncursed scroll of earth an uncursed scroll of genocide an uncursed scroll of identify an uncursed scroll of light an uncursed scroll of recall 5 blessed scrolls of remove curse a blessed scroll of scare monster 2 uncursed scrolls of stinking cloud 2 blessed scrolls of summoning 2 blessed potions of full healing an uncursed potion of gain ability 2 uncursed potions of healing 7 potions of holy water 2 blessed potions of paralysis a blessed potion of restore ability a cursed potion of speed 3 potions of unholy water 2 uncursed potions of water an uncursed +1 ring of adornment an uncursed ring of free action an uncursed ring of invisibility an uncursed ring of poison immunity an uncursed ring of polymorph control an uncursed ring of shock immunity an uncursed ring of sustain ability an uncursed ring of teleport control an uncursed wand of cold (0:3) an uncursed wand of death (0:1) an uncursed wand of digging (0:2) an uncursed wand of fire (0:4) an uncursed wand of light (0:9) an uncursed wand of lightning (0:5) an uncursed wand of locking (0:3) an uncursed wand of magic missile (0:8) an uncursed wand of polymorph (0:4) a blessed wand of polymorph (0:2) an uncursed wand of sleep (0:6) an uncursed wand of speed monster (0:6) an uncursed wand of speed monster (0:1) a blessed wand of teleportation (0:6) an uncursed wand of teleportation (0:6) an uncursed magic marker (1:2) an uncursed +0 unicorn horn of stealth 4 uncursed amber stones 9 uncursed amethyst stones 2 uncursed aquamarine stones 2 uncursed chrysoberyl stones 6 uncursed diamonds 3 uncursed dilithium crystals 10 uncursed emeralds 7 uncursed fluorite stones 9 uncursed garnet stones 3 uncursed jacinth stones 8 uncursed jade stones 5 uncursed jasper stones 7 uncursed jet stones an uncursed obsidian stone 16 uncursed opals 7 uncursed rubies 14 uncursed topaz stones a blessed touchstone 5 uncursed turquoise stones Spells and supernatural/magical abilities: Name Level Category Cost Memory h - healing 1 healing 6pw 91% l - light 1 divination 8pw 91% I - identify 2 divination 16pw 90% W - pray for help -- divine ? -- Y - supernatural jump -- ability ? -- Your skills at the end: Fighting Skills two weapon combat [Skilled] wands [Skilled] Weapon Skills dagger [Basic] short sword [Basic] long sword [Skilled] saber [Basic] hammer [Skilled] Spellcasting Skills Final Attributes: You were piously aligned. You were immune to fire. You were immune to cold. You were sleep resistant. You were disintegration-resistant. You were immune to electricity. You were poison resistant. You were magic resistant. You were level-drain resistant. You saw invisible. You were strongly telepathic. You were warned. You were clairvoyant. You had infravision. You were visible. You were stealthy. You aggravated monsters. You were conflicting. You could jump. You were protected. You were very fast. You had total reflection. You were life saving. You were wielding two weapons at once. You had extra luck. Good luck did not time out for you. You got a gift from your god 7622 turns ago, and used 5 wishes since then. Tyr was extremely exalted with you. You survived. Vanquished creatures: Baalzebub Orcus Yeenoghu Juiblex The Wizard of Yendor (twice) Death (5 times) Pestilence Famine a high priest Medusa Croesus a kraken an iron golem a storm giant a glass golem 7 purple worms 2 gray dragons 4 shimmering dragons a red dragon 2 white dragons 2 orange dragons 3 black dragons 5 blue dragons 2 green dragons 19 minotaurs 2 pit fiends Lord Surtur a baluchitherium 17 Angels 4 demiliches Vlad the Impaler a stone golem 5 Olog-hai a Nazgul a sandestin 4 titanotheres 4 trappers 14 vampire lords 6 shades 4 skeletons 35 aligned priests 7 captains 2 liches 2 clay golems 7 ice devils 2 nalfeshnees 2 lurkers above a frost giant an ettin 6 black puddings 19 vampires 10 ghosts 7 lieutenants a watch captain an archeologist a healer a rogue a valkyrie a wizard 2 winged gargoyles 5 giant mimics 3 zruties 29 fire giants 7 ogre kings 15 ice trolls 6 rock trolls 6 umber hulks 2 flesh golems 2 Elvenkings a doppelganger a bone devil 4 large mimics 2 wumpuses 3 fire vortices a baby purple worm 5 long worms 4 stalkers 13 air elementals 3 fire elementals 3 earth elementals 12 water elementals 7 hill giants 3 giant mummies 5 xorns 15 giant zombies 5 elf-lords 15 sergeants 3 barbed devils 3 vrocks 7 salamanders 11 wargs 4 winter wolves 5 hell hound pups 14 small mimics 4 glass piercers 5 warhorses 5 steam vortices 6 xans 2 ettin mummies 5 ogre lords 8 quantum mechanics 18 trolls 3 sasquatches an erinys 2 mariliths 2 djinn 5 sharks 6 electric eels 2 gelatinous cubes 2 pyrolisks 2 large dogs 3 freezing spheres 4 flaming spheres 2 shocking spheres 5 large cats 4 tigers 5 gargoyles a tengu an ochre jelly 2 leocrottas 4 energy vortices 7 mountain centaurs 5 stone giants 3 elf mummies 6 human mummies 2 red nagas 5 pit vipers 3 pythons 4 cobras 15 wraiths 2 carnivorous apes 13 ettin zombies 2 leather golems 5 Grey-elves 122 soldiers 3 horned devils 5 incubi 11 chameleons 5 crocodiles 6 giant beetles 3 quivering blobs 8 cockatrices 14 wolves 3 winter wolf cubs 2 panthers 6 gremlins 2 spotted jellies 5 leprechauns 5 orc-captains 4 iron piercers 8 giant spiders 8 scorpions 8 horses 2 ice vortices 2 black lights 9 vampire bats 5 forest centaurs a gnome king 5 orc mummies a dwarf mummy 13 ogres 6 rust monsters 6 owlbears 3 yetis 4 gold golems 4 werewolves 2 Green-elves 4 piranhas 8 giant eels 11 lizards 5 chickatrices 2 dogs 2 dingos 4 housecats 8 jaguars a blue jelly a white unicorn a gray unicorn 3 black unicorns a dust vortex 8 ravens 11 plains centaurs 3 gnome mummies 2 snakes 6 water moccasins 3 apes 49 human zombies a rope golem a Woodland-elf 3 soldier ants 53 fire ants 25 bugbears 6 imps 3 quasits 3 wood nymphs 3 water nymphs 3 mountain nymphs 5 Mordor orcs 12 Uruk-hai an orc shaman 7 rock piercers 4 rock moles 7 ponies 6 fog clouds 9 yellow lights 4 shriekers 6 violet fungi 8 gnome lords 2 gnomish wizards 3 kobold mummies a red naga hatchling 2 golden naga hatchlings a guardian naga hatchling 3 gray oozes a barrow wight 12 elf zombies 4 ghouls 3 straw golems 3 paper golems 8 jellyfish 4 baby crocodiles 26 giant ants 3 little dogs 6 floating eyes 2 kittens 2 homunculi 5 kobold lords 4 kobold shamans 25 hill orcs 14 rothes 5 rabid rats 6 centipedes 5 giant bats 7 monkeys 7 orc zombies 5 dwarf zombies 2 wererats 11 iguanas 14 killer bees 4 acid blobs 4 coyotes a gas spore 2 hobbits 2 manes 7 large kobolds 56 hobgoblins 9 giant rats a cave spider a yellow mold a red mold 28 gnomes 3 garter snakes 9 gnome zombies 6 geckos 14 jackals 3 foxes 5 kobolds 5 goblins a sewer rat 8 grid bugs 5 bats 12 lichens 8 kobold zombies 5 newts 1637 creatures vanquished. Genocided or extinct species: master mind flayers liches demiliches master liches arch-liches soldiers (extinct) 5 species genocided. 1 species extinct. Voluntary challenges: You used a wielded weapon 2806 times, starting on turn 82. You read items or engraved 99 times, starting on turn 8830. You genocided 5 types of monsters, starting on turn 26668. You polymorphed 259 items, starting on turn 25963. You changed form 1 time, starting on turn 16831. You used 6 wishes, starting on turn 21855. You wished for your your first artifact on turn 21855. You split 4 puddings, starting on turn 26864. You never wrote Elbereth's name. You violated your moral code, losing 569 points of alignment, starting on turn 9067. Dungeon overview: The Dungeons of Doom: levels 1 to 27 Level 1 a fountain, a vault stairs to The Elemental Planes Level 2 a scroll shop Level 3 a fountain stairs to The Gnomish Mines Level 4 (magical armor in shop) an armor shop Level 5 Level 6 Level 7 a fountain Level 8 Level 9 some fountains Level 10 stairs to Sokoban Level 11 an altar to Tyr Level 12 (v) a fountain, a sink, a vault portal to Fort Ludios Level 13 a fountain Level 14 a fountain Level 15 (v) a vault Level 16 portal to The Quest Level 17 some fountains Level 18 Level 19 (v ++++) a fountain, a vault Level 20 a fountain Level 21 (v) a vault Level 22 some fountains, a vault Level 23 Level 24 a temple to Odin Level 25 Level 26 a fountain Level 27 a fountain, a throne Gehennom: levels 28 to 48 Level 28 a temple to Moloch stairs to The Dungeons of Doom Level 29 a sink Level 30 a fountain, a sink Level 31 an altar to Moloch Level 32 (Juib) a fountain Level 33 (Asmo) Level 34 (Baal) Level 35 Level 36 Level 37 an altar to Moloch, a fountain Level 38 (wiz) Level 39 Level 40 (vlad) stairs to Vlad's Tower Level 41 Level 42 (orcus) some shops, an altar to Moloch Level 43 an altar to Moloch, a sink Level 44 Level 45 a temple to Moloch Level 46 Level 47 Level 48 a high altar, a temple to Moloch The Gnomish Mines: levels 4 to 11 Level 4 stairs to The Dungeons of Doom Level 5 Level 6 many shops, a temple to Tyr, some fountains, some trees Level 7 Level 8 Level 9 Level 10 Level 11 a fountain The Quest: levels 1 to 6 Level 1 a fountain portal to The Dungeons of Doom Level 2 Level 3 Level 4 Level 5 Level 6 Sokoban: levels 6 to 9 Level 6 Solved Level 7 Solved Level 8 Solved Level 9 Solved stairs to The Dungeons of Doom Fort Ludios: Level 1 portal to The Dungeons of Doom Vlad's Tower: levels 37 to 39 Level 37 a throne Level 38 Level 39 stairs to Gehennom The Elemental Planes: Astral Plane <- You were here some high altars Plane 4 portal to The Elemental Planes Plane 3 portal to The Elemental Planes Plane 2 portal to The Elemental Planes Plane 1 portal to The Elemental Planes History has recorded: On T:1 you entered the Dungeons of Doom to retrieve the Amulet of Yendor! On T:279 you reached level 2 of The Dungeons of Doom. On T:300 you reached level 3 of The Dungeons of Doom. On T:353 you advanced to experience level 2. On T:730 you reached level 4 of The Dungeons of Doom. On T:831 you reached level 1 of The Gnomish Mines. On T:989 you advanced to experience level 3. On T:1196 you reached level 5 of The Dungeons of Doom. On T:1279 you reached level 6 of The Dungeons of Doom. On T:1296 you advanced to experience level 4. On T:1782 you advanced to experience level 5. On T:1801 you reached level 7 of The Dungeons of Doom. On T:1968 you reached level 8 of The Dungeons of Doom. On T:2311 you reached level 9 of The Dungeons of Doom. On T:2494 you reached level 10 of The Dungeons of Doom. On T:2500 you reached level 4 of Sokoban. On T:2833 you advanced to experience level 6. On T:2890 you reached level 3 of Sokoban. On T:3652 you reached level 2 of Sokoban. On T:4075 you advanced to experience level 7. On T:4142 you reached level 1 of Sokoban. On T:5035 you advanced to experience level 8. On T:5522 you reached level 2 of The Gnomish Mines. On T:5573 you reached level 3 of The Gnomish Mines. On T:5602 you reached level 4 of The Gnomish Mines. On T:6009 you reached level 5 of The Gnomish Mines. On T:6037 you reached level 6 of The Gnomish Mines. On T:6176 you reached level 7 of The Gnomish Mines. On T:6311 you reached level 8 of The Gnomish Mines. On T:6864 you advanced to experience level 9. On T:9845 you reached level 12 of The Dungeons of Doom. On T:9957 you reached level 13 of The Dungeons of Doom. On T:10101 you advanced to experience level 10. On T:10201 you reached Fort Ludios. On T:12752 you advanced to experience level 11. On T:13739 you reached level 14 of The Dungeons of Doom. On T:13857 you reached level 15 of The Dungeons of Doom. On T:13885 you reached level 16 of The Dungeons of Doom. On T:14210 you reached level 17 of The Dungeons of Doom. On T:14224 you reached level 1 of The Quest. On T:14318 you embarked upon an epic quest. On T:15630 you advanced to experience level 12. On T:15754 you reached level 18 of The Dungeons of Doom. On T:16055 you reached level 19 of The Dungeons of Doom. On T:16104 you reached level 20 of The Dungeons of Doom. On T:16499 you reached level 21 of The Dungeons of Doom. On T:16532 you reached level 23 of The Dungeons of Doom. On T:16542 you reached level 22 of The Dungeons of Doom. On T:16648 you reached level 24 of The Dungeons of Doom. On T:16711 you reached level 25 of The Dungeons of Doom. On T:17159 you killed Medusa on level 23 of The Dungeons of Doom. On T:20664 you advanced to experience level 13. On T:21185 you killed Croesus in Fort Ludios. On T:21855 you wished for "blessed magic mirror of merlin". On T:21939 you reached level 2 of The Quest. On T:22047 you reached level 3 of The Quest. On T:22177 you reached level 4 of The Quest. On T:22249 you reached level 5 of The Quest. On T:22285 you reached level 6 of The Quest. On T:22331 you advanced to experience level 14. On T:22395 you killed Lord Surtur on level 6 of The Quest. On T:22634 you completed the quest! On T:23091 you reached level 26 of The Dungeons of Doom. On T:23249 you reached The Castle. On T:23639 you advanced to experience level 15. On T:23704 you reached The Valley of the Dead. On T:24870 you received Mjollnir from Tyr. On T:25874 you advanced to experience level 16. On T:25950 you wished for "uncursed magic marker". On T:25951 you wished for "blessed wand of polymorph". On T:26451 you wished for "uncursed magic marker". On T:26457 you wished for "blessed fixed +2 cloak of protection". On T:26668 you genocided class 'L'. On T:26668 you genocided master mind flayers. On T:26750 you advanced to experience level 17. On T:27021 you reached level 2 of Gehennom. On T:27372 you reached level 3 of Gehennom. On T:27427 you reached level 4 of Gehennom. On T:27497 you reached level 5 of Gehennom. On T:27601 you reached level 6 of Gehennom. On T:27612 you reached level 7 of Gehennom. On T:27617 you advanced to experience level 18. On T:27652 you reached level 8 of Gehennom. On T:27740 you reached level 9 of Gehennom. On T:27755 you reached level 10 of Gehennom. On T:27774 you reached level 11 of Gehennom. On T:28010 you reached level 12 of Gehennom. On T:28030 you reached level 13 of Gehennom. On T:28054 you reached level 14 of Gehennom. On T:28123 you reached level 3 of Vlad's Tower. On T:28137 you advanced to experience level 19. On T:28184 you reached level 15 of Gehennom. On T:28243 you reached level 16 of Gehennom. On T:28364 you killed Orcus on level 15 of Gehennom. On T:28694 you advanced to experience level 20. On T:28964 you reached level 17 of Gehennom. On T:28981 you reached level 18 of Gehennom. On T:29195 you reached level 19 of Gehennom. On T:29216 you reached level 21 of Gehennom. On T:29695 you killed high priest of Moloch on level 21 of Gehennom. On T:29716 you gained the Amulet of Yendor! On T:29718 you lost the Amulet of Yendor. On T:29719 you gained the Amulet of Yendor! On T:29960 you killed Yeenoghu on level 21 of Gehennom. On T:29995 you reached level 20 of Gehennom. On T:30221 you lost the Amulet of Yendor. On T:30234 you gained the Amulet of Yendor! On T:30272 you lost the Amulet of Yendor. On T:30277 you gained the Amulet of Yendor! On T:30384 you lost the Amulet of Yendor. On T:30386 you gained the Amulet of Yendor! On T:30410 you advanced to experience level 21. On T:30518 you reached level 2 of Vlad's Tower. On T:30584 you reached level 1 of Vlad's Tower. On T:30671 you lost the Amulet of Yendor. On T:30674 you gained the Amulet of Yendor! On T:30691 you killed Vlad the Impaler on level 1 of Vlad's Tower. On T:30958 you killed Juiblex on level 5 of Gehennom. On T:31798 you reached the Plane of Earth. On T:31858 you reached the Plane of Air. On T:31978 you killed Wizard of Yendor on the Plane of Air. On T:32058 you reached the Plane of Fire. On T:32118 you reached the Plane of Water. On T:32337 you reached the Astral Plane. On T:32348 you killed Death on the Astral Plane. On T:32356 you killed Pestilence on the Astral Plane. On T:32430 you killed Famine on the Astral Plane. On T:32446 you wished for "boulder named fuck you riders!". On T:32492 you lost the Amulet of Yendor. On T:32492 you offered the Amulet of Yendor to Tyr and ascended to the status of Demigoddess! Score breakdown: Gold: 0 ( 0 points) Experience: 21 levels (24913 points) Exploration: 48 levels (100.00%) (30000 points) Discoveries: 146 items ( 58.40%) (22925 points) Valuables value: 166400 (17760 points) Artifact value: 19000 (14554 points) Variety of kills: 264 monsters ( 69.47%) (25005 points) Turncount: 32492 turns (-4119 points) Survival: ascended (score multiplied by 200%) Total score: 262076 Latest messages: The ettin swings her club at Paul the Arbalester. The ettin misses Paul the Arbalester. The ettin swings her club at Paul the Arbalester. The ettin misses Paul the Arbalester. The invisible stalker turns to flee! The orange dragon breathes sleep gas! The blast of sleep gas hits the invisible stalker! The powerful blast of sleep gas explodes! The orange dragon is caught in the sleeping gas! The invisible stalker is caught in the sleeping gas! The orange dragon is caught in the sleeping gas! The invisible stalker is caught in the sleeping gas! The orange dragon is caught in the sleeping gas! The invisible stalker is caught in the sleeping gas! There is an altar to Tyr (lawful) here. You offer the Amulet of Yendor to Tyr... An invisible choir sings, and you are bathed in radiance... The voice of Tyr rings out: "Congratulations, mortal!" "In return for thy service, I grant thee the gift of Immortality!" You ascend to the status of Demigoddess... Final status: Farvel Graznop the Demigoddess, ascended... You went to your reward with 262076 points, The Magic Mirror of Merlin (worth 1500 zorkmids) Mjollnir (worth 4000 zorkmids) Excalibur (worth 4000 zorkmids) The Orb of Fate (worth 3500 zorkmids) The Bell of Opening (worth 5000 zorkmids) The Candelabrum of Invocation (worth 5000 zorkmids) 16 opals (worth 12800 zorkmids), 14 topaz stones (worth 12600 zorkmids), 10 emeralds (worth 25000 zorkmids), 9 garnet stones (worth 6300 zorkmids), 9 amethyst stones (worth 5400 zorkmids), 8 jade stones (worth 2400 zorkmids), 7 rubies (worth 24500 zorkmids), 7 jet stones (worth 5950 zorkmids), 7 fluorite stones (worth 2800 zorkmids), 6 diamonds (worth 24000 zorkmids), 5 turquoise stones (worth 10000 zorkmids), 5 jasper stones (worth 2500 zorkmids), 4 amber stones (worth 4000 zorkmids), 3 dilithium crystals (worth 13500 zorkmids), 3 jacinth stones (worth 9750 zorkmids), 2 aquamarine stones (worth 3000 zorkmids), 2 chrysoberyl stones (worth 1400 zorkmids), 1 obsidian stone (worth 200 zorkmids), 1 amulet of life saving (worth 150 zorkmids), 1 amulet of magical breathing (worth 150 zorkmids), and 0 pieces of gold, after 32492 moves. You were level 21 with a maximum of 314 hit points when you ascended.